 Dungeon Crawl Stone Soup version 0.20.0 (webtiles) character file.

269 Llamajah the Covered (level 6, -3/49 HPs)
             Began as a Formicid Fighter on June 7, 2017.
             Slain by a gnoll
             ... wielding a +0 halberd
              (7 damage)
             ... on level 4 of the Dungeon.
             The game lasted 00:08:34 (1652 turns).

Llamajah the Covered (Formicid Fighter)             Turns: 1652, Time: 00:08:35

Health: -3/49      AC: 11    Str: 21    XL:     6   Next: 46%
Magic:  6/6        EV:  7    Int:  8    God:
Gold:   84         SH:  9    Dex: 11    Spells: 5/5 levels left

rFire    . . .     SeeInvis +   a - +0 war axe
rCold    . . .     Gourm    .   c - +0 shield
rNeg     . . .     Faith    .   k - +0 chain mail
rPois    .         Spirit   .   (helmet unavailable)
rElec    .         Reflect  .   (no cloak)
rCorr    .         Harm     .   j - +0 pair of gloves
MR       .....                  (no boots)
Stlth    ..........             (no amulet)
Regen    0.2/turn               (no ring)
MPRegen  0.1/turn               (no ring)

@: no status effects
A: permanent stasis, dig shafts and tunnels, four strong arms, antennae 3
a: Dig, Shaft Self


You were on level 4 of the Dungeon.
You were not hungry.

You visited 1 branch of the dungeon, and saw 6 of its levels.

You collected 84 gold pieces.

Inventory:

Hand Weapons
 a - a +0 war axe (weapon)
Armour
 c - a +0 shield (worn)
 j - a +0 pair of gloves (worn)
 k - a +0 chain mail (worn)
Jewellery
 u - an uncursed ring of wizardry {unknown}
Scrolls
 b - a scroll of fear {unknown}
 g - 5 scrolls of identify {unknown}
 m - 4 scrolls of magic mapping {unknown}
 r - 2 scrolls of recharging {unknown}
 s - 3 scrolls of remove curse {unknown}
 t - a scroll of teleportation {unknown}
 w - a scroll of enchant armour {unknown}
Potions
 e - a potion of haste {unknown}
 i - a potion of heal wounds {unknown}
 l - 2 potions of invisibility {unknown}
 n - a potion of magic {unknown}
 o - 3 potions of curing {unknown}
 p - a potion of brilliance {unknown}
 v - a potion of flight {unknown}
Comestibles
 f - 5 bread rations
 h - 3 meat rations


   Skills:
 + Level 4.3 Fighting
 + Level 2.6 Axes
 * Level 4.9 Armour
 * Level 2.9 Dodging
 + Level 4.2 Shields


You had 5 spell levels left.
You didn't know any spells.

Dungeon Overview and Level Annotations

Branches:
Dungeon (6/15)
 Temple: D:4-7

Altars:
Nemelex Xobeh

Annotations:
D:4 1 transporter


Innate Abilities, Weirdness & Mutations

You cannot be hasted, slowed, berserked, paralysed or teleported.
You can dig through walls and to a lower floor.
Your four strong arms can wield two-handed weapons with a shield.
You have a pair of large antennae on your head. (SInv)


Message History

The gnoll hits you from afar with a halberd.
You hit the gnoll but do no damage.
The gnoll is severely wounded.
You block the gnoll's attack. x2; The gnoll closely misses you.
You hit the gnoll.
The gnoll is almost dead.
You block the gnoll's attack. x2; The gnoll barely misses you.
The gnoll hits you but does no damage.
Your chain mail prevents you from hitting the gnoll.
The gnoll is almost dead.
The gnoll hits you from afar with a halberd.
* * * LOW HITPOINT WARNING * * *
You block the gnoll's attack. The gnoll barely misses you.
You slash the gnoll!
You kill the gnoll!
You block the gnoll's attack. The gnoll barely misses you.
The gnoll hits you with a halberd!
* * * LOW HITPOINT WARNING * * *
The gnoll hits you with a halberd!
You die...

#.# #.# #.# #.#
#.#
##########.#####
...............#
##.###.##.###.#
#@#...# #gg....#
#g#...## #.##.##
#.##.# #.# .#
..# ###


You could see 3 gnolls.

Vanquished Creatures
  A scorpion (D:4)
  A crimson imp (D:4)
  A gnoll shaman (D:4)
  A gnoll (D:4)
  6 adders
  An ooze (D:2)
  2 worms (D:2)
  6 dart slugs
  A leopard gecko (D:1)
  2 orcs (D:4)
  3 giant cockroaches
  9 goblins
  6 hobgoblins
  7 jackals
  A ball python (D:1)
  7 bats
  4 frilled lizards
  A jackal skeleton (D:4)
  9 kobolds
  6 rats
75 creatures vanquished.

Notes
Turn   | Place    | Note
-------+----------+-------------------------------------------
     0 | D:1      | Llamajah the Formicid Fighter began the quest for the Orb.
     0 | D:1      | Reached XP level 1. HP: 18/18 MP: 1/1
   107 | D:1      | Reached XP level 2. HP: 21/24 MP: 2/2
   210 | D:1      | You fall through a shaft!
   224 | D:2      | Reached skill level 1 in Dodging
   224 | D:2      | Reached XP level 3. HP: 23/29 MP: 3/3
   791 | D:2      | Reached XP level 4. HP: 30/36 MP: 4/4
   966 | D:2      | Reached XP level 5. HP: 37/42 MP: 5/5
  1205 | D:3      | Found a sparkling altar of Nemelex Xobeh.
  1348 | D:3      | You fall through a shaft for 3 floors!
  1349 | D:6      | Noticed a phantom
  1354 | D:5      | Entered Level 5 of the Dungeon
  1354 | D:5      | Noticed an ice beast
  1392 | D:4      | Reached XP level 6. HP: 25/48 MP: 6/6
  1652 | D:4      | Slain by a gnoll

Skill      XL: |  1  2  3  4  5 |
---------------+----------------+-----
Dodging        | 1 2 |  2.9
Armour         | 4 |  4.9
Shields        | 4 |  4.2
Fighting       | 4 |  4.3
Axes           | |  2.6

Action                   |  1- 3 |  4- 6 || total
-------------------------+-------+-------++-------
Melee: War axe           |   120 |   116 ||   236
  Use: Potion            |       |     1 ||     1
  Eat: Chunk             |       |     3 ||     3
Armor: Scale mail        |    22 |       ||    22
       Chain mail        |    72 |    82 ||   154
Dodge: Dodged            |    63 |    49 ||   112
Block: Shield            |   103 |    81 ||   184
